 Dungeon Crawl Stone Soup version 0.30-a0-857-gcaf70739d4 (webtiles) character file.

Game seed: 10545715383991784369

833 Adrian566 the Slasher (level 7, -2/55 HPs)
             Began as a Demonspawn Fighter on Mar 5, 2023.
             Killed from afar by a steam dragon (19 damage)
             ... with a ball of steam
             ... on level 6 of the Dungeon.
             The game lasted 00:05:47 (4702 turns).

Adrian566 the Slasher (Demonspawn Fighter)          Turns: 4702, Time: 00:05:47

Health: -2/55      AC: 11    Str: 17    XL:     7   Next: 65%
Magic:  7/7        EV:  9    Int:  9    God:
Gold:   265        SH:  6    Dex: 14    Spells: 6/6 levels left

rFire   . . .      SeeInvis .    a - +0 long sword
rCold   . . .      Faith    .    c - +1 buckler
rNeg    . . .      Spirit   .    b - +0 scale mail
rPois   .          Reflect  .    (no helmet)
rElec   .          Rampage  .    (no cloak)
rCorr   .                        (no gloves)
Will    .....                    p - +0 pair of boots Stlth
                                 (no amulet)
HPRegen 0.29/turn                (no ring)
MPRegen 0.10/turn                (no ring)

@: no status effects
A: thin metallic scales 2, icemail 1, condensation shield
a: no special abilities


You were on level 6 of the Dungeon.
You visited 1 branch of the dungeon, and saw 6 of its levels.
You also visited: Sewer.

You collected 265 gold pieces.

Inventory:

Hand Weapons
 a - a +0 long sword (weapon)
Missiles
 f - a throwing net (quivered)
Armour
 b - a +0 scale mail (worn)
 c - a +1 buckler (worn)
 p - a +0 pair of boots (worn)
 r - a +0 helmet
Wands
 q - a wand of mindburst (17)
Scrolls
 i - 2 scrolls of teleportation
 k - a scroll of torment
 m - a scroll of enchant weapon
 o - a scroll of enchant armour
Potions
 d - a potion of might
 e - 3 potions of heal wounds
 g - 4 potions of curing
 h - a potion of brilliance
 j - a potion of resistance
 l - a potion of ambrosia
 n - 2 potions of magic


   Skills:
 + Level 4.4 Fighting
 + Level 5.2 Long Blades
 + Level 4.4 Armour
 + Level 1.9 Dodging
 + Level 0.4 Stealth
 + Level 4.1 Shields


You had 6 spell levels left.
You didn't know any spells.
Your spell library contained the following spells:

 Spells                   Type           Power      Damage    Failure   Level
 Apportation              Tloc           0%         N/A       86%         1
 Necrotise                Necr           0%         1d4       86%         1
 Sandblast                Erth           0%         2d4       86%         1
 Sting                    Tmut/Pois      0%         1d3       86%         1
 Summon Small Mammal      Summ           0%         N/A       86%         1
 Ensorcelled Hibernation  Hex/Ice        0%         N/A       95%         2
 Passwall                 Tmut/Erth      0%         N/A       95%         2
 Poisonous Vapours        Pois/Air       0%         N/A       95%         2
 Spider Form              Tmut/Pois      0%         N/A       99%         3
 Stone Arrow              Conj/Erth      0%         3d7       99%         3
 Tukima's Dance           Hex            0%         N/A       99%         3
 Anguish                  Hex/Necr       0%         N/A       100%        4
 Olgreb's Toxic Radiance  Pois           0%         N/A       100%        4
 Passage of Golubria      Tloc           0%         N/A       100%        4
 Yara's Violent Unravell  Hex/Tmut       0%         3d3       100%        5


Dungeon Overview and Level Annotations

Branches:
Dungeon (6/15)              Sewer (visited)
 Temple: D:4-7

Altars:
Gozag
Kikubaaqudgha
Ru
Uskayaw
Wu Jian


Innate Abilities, Weirdness & Mutations

You are mostly covered in thin metallic scales. (AC +3)
A meltable icy envelope protects you from harm. (AC +0)
A meltable shield of frost defends you. (SH +0)


Message History

The jelly is heavily wounded.
You block the jelly's attack.
You hit the jelly.
Your hands burn!
The jelly is almost dead.
The jelly barely misses you.
You slash the jelly!
You kill the jelly!
No target in view!
No target in view!
No target in view!
No target in view!
No target in view!
No target in view!
No target in view!
No target in view!
No target in view!
No target in view!
No target in view!
No target in view!
No target in view!
No target in view!
No target in view!
A steam dragon comes into view.
The steam dragon hisses angrily.
The steam dragon breathes steam at you. The ball of steam hits you.
Your icy defences dissipate!
You are engulfed in a cloud of scalding steam.
The steam dragon breathes steam at you. The ball of steam hits you!
You hear a loud, deep croak!
You see here a +0 helmet.
r - a +0 helmet You are engulfed in a cloud of scalding steam.
* * * LOW HITPOINT WARNING * * *
Found a hand axe.
You are no longer corroded.
The steam dragon breathes steam at you. The ball of steam hits you!!
You die...

........ .######. #.
#. # #. .# ####.
#####..###....
########.............
#..)@§§.......# #.##.
#.######D###.>###.##.
#.# #.........
######D# #..###....
#..D...###..###.##†
#..##...........##.
#...§......#..###.##.
#.≈≈§§§≈≈..#..# #.##.
#..§≈≈§≈§§.#.......##


There were no monsters in sight!

Vanquished Creatures
  A water moccasin (D:5)
  A black bear (D:6)
  An ice beast (D:5)
  3 hounds
  A jelly (D:6)
  A sleepcap (D:5)
  2 iguanas (D:5)
  A hell rat (Sewer)
  Robin (D:2)
  7 gnolls (D:5)
  14 adders
  2 river rats (Sewer)
  A white imp (D:6)
  5 worms (D:4)
  A dart slug (D:3)
  6 orcs
  4 ball pythons
  3 bats
  3 endoplasms
  A giant cockroach (D:4)
  8 goblins
  9 hobgoblins
  3 kobolds
  5 quokkas
  A frilled lizard (D:1)
  8 rats
93 creatures vanquished.

Notes
Turn   | Place    | Note
-------+----------+-------------------------------------------
     0 | D:1      | Adrian566 the Demonspawn Fighter began the quest for the
                  | Orb.
     0 | D:1      | Reached XP level 1. HP: 18/18 MP: 1/1
   112 | D:1      | Found a faded altar of an unknown god.
   159 | D:1      | Reached skill level 2 in Long Blades
   159 | D:1      | Gained mutation: You are partially covered in thin metallic
                  | scales. (AC +2) [demonic ancestry]
   159 | D:1      | Reached XP level 2. HP: 21/24 MP: 2/2
   841 | D:2      | Reached XP level 3. HP: 29/29 MP: 3/3
   966 | D:2      | Noticed Robin
   983 | D:2      | Killed Robin
  1304 | D:3      | Gained mutation: You are mostly covered in thin metallic
                  | scales. (AC +3) [demonic ancestry]
  1304 | D:3      | Reached XP level 4. HP: 30/35 MP: 4/4
  1668 | D:3      | Found an ornate altar of the Wu Jian Council.
  1668 | D:3      | Found an opulent altar of Gozag.
  1669 | D:3      | Found a hide-covered altar of Uskayaw.
  1860 | D:3      | Found an ancient bone altar of Kikubaaqudgha.
  2181 | D:4      | Reached skill level 3 in Long Blades
  2347 | D:4      | Gained mutation: A meltable shield of frost defends you.
                  | (SH +0) [demonic ancestry]
  2347 | D:4      | Reached XP level 5. HP: 24/42 MP: 5/5
  2390 | D:4      | Found a glowing drain.
  2404 | Sewer    | Entered a sewer
  2715 | D:4      | Gained mutation: You are weak. (Str -2) [potion of
                  | mutation]
  2715 | D:4      | Lost mutation: You are weak. (Str -2) [potion of mutation]
  3143 | D:5      | Entered Level 5 of the Dungeon
  3152 | D:5      | Noticed a water moccasin
  3171 | D:5      | Killed a water moccasin
  3172 | D:5      | Reached skill level 4 in Long Blades
  3172 | D:5      | Reached skill level 1 in Dodging
  3172 | D:5      | Reached XP level 6. HP: 18/48 MP: 6/6
  3470 | D:5      | Noticed an ice beast
  3479 | D:5      | Killed an ice beast
  3755 | D:5      | Gained mutation: A meltable icy envelope protects you from
                  | harm. (AC +0) [demonic ancestry]
  3755 | D:5      | Reached XP level 7. HP: 22/54 MP: 7/7
  4647 | D:6      | Reached skill level 5 in Long Blades
  4679 | D:6      | Found a sacrificial altar of Ru.
  4688 | D:6      | Noticed a steam dragon
  4702 | D:6      | Killed from afar by a steam dragon

Illustrated notes

Levels and vault maps discovered:
D:1:      minmay_arrival_shattered_statue, layout_rooms,
          dreamdust_ecumenical_altar_statues, roderic_filled_cross
D:2:      layout_basic, uniq_robin
D:3:      layout_loops_corners, gammafunk_temple_overflow_claw,
          mainiacjoe_overflow_alcove_2
D:4:      layout_rooms, lightli_sewer_entry_pipes
D:5:      layout_cave_pods
D:6:      layout_loops_ring, mainiacjoe_overflow_catwalk,
          minmay_fractal_squares_gapless_5

Skill      XL: |  1  2  3  4  5  6  7 |
---------------+----------------------+-----
Long Blades    | 2 3 4 5 |  5.2
Armour         | 3 4 |  4.4
Shields        | 3 4 |  4.1
Fighting       | 4 |  4.4
Dodging        | 1 |  1.9
Stealth        | |  0.4

Action                     |  1- 3 |  4- 6 |  7- 9 || total
---------------------------+-------+-------+-------++-------
  Melee: Long sword        |    91 |   225 |    80 ||   396
    Use: Potion            |     1 |    13 |       ||    14
         Scroll            |       |    15 |       ||    15
 Armour: Scale mail        |    37 |   118 |    45 ||   200
  Dodge: Dodged            |    32 |   100 |    27 ||   159
  Block: Buckler           |    23 |   105 |    42 ||   170

Table legend: (Time is in decaauts)
 A = Elapsed time spent in this place.
 B = Non-inter-level travel time spent in this place.
 C = Inter-level travel time spent in this place.
 D = Time resting spent in this place.
 E = Time spent auto-exploring this place.
 F = Levels seen in this place.
 G = Mean time per level.
                   A        B        C        D        E       F      G
               +--------+--------+--------+--------+--------+-----+--------+
         Total |   4870 |   4718 |    152 |    394 |   3352 |   7 |  695.7 |
       Dungeon |   4604 |   4452 |    152 |    394 |   3147 |   6 |  767.3 |
         Sewer |    266 |    266 |      0 |      0 |    204 |   1 |  266.0 |
               +--------+--------+--------+--------+--------+-----+--------+

Top non-repeatable levels by time:
     D:5: 1392 daAuts
     D:3: 932 daAuts
     D:4: 803 daAuts
     D:1: 719 daAuts
     D:2: 559 daAuts
   Sewer: 266 daAuts
     D:6: 197 daAuts
